[ AOE2 MATCH · #495174139 ]
UnrankedPoles vs Muisca
Player's team · WIN
Rival team · LOSS
[ REPLAY ANALYSIS · EXTRACTED FROM THE RECORDED GAME ]
Feudal
8:51
Castle
24:08
Imperial
—
| APM avg | 64.5 |
| APM peak | 100 |
| eAPM avg | 24.4 |
| Villagers / military | 52 / 15 |
Focus
⚔️ 45.7% · 🌾 54.3%
Scout Cavalry ×15
Feudal
10:31
Castle
14:26
Imperial
—
| APM avg | 63.5 |
| APM peak | 112 |
| eAPM avg | 26.6 |
| Villagers / military | 39 / 3 |
Focus
⚔️ 51.3% · 🌾 48.7%
Unknown (2562) ×16 · Petard ×3
Match map
Initial resources + every placement click. Lines = walls · curves = elevation contours. ◆ gold · ⬟ stone · ● berries · ✦ relic · ◌ wall gap
Your base· ✓ Closed at 24:08 · 63t walls · no gate
RedPhosphoru's base· Open — unwalled flank
Smoothed initial terrain · ◌ = detected wall gap · hover for details
Inputs per minute
— Biry - - RedPhosphoru
Build order — Biry
First 150 of 164 actions detected
| 0:01 | Create | Villager (Male) |
| 0:01 | Create | Villager (Male) |
| 0:01 | Create | Villager (Male) |
| 0:02 | Create | Villager (Male) |
| 0:02 | Create | Villager (Male) |
| 0:02 | Build | House |
| 0:03 | Build | House |
| 1:41 | Create | Villager (Male) |
| 1:55 | Build | Lumber Camp |
| 1:58 | Create | Villager (Male) |
| 1:58 | Create | Villager (Male) |
| 2:14 | Create | Villager (Male) |
| 2:14 | Create | Villager (Male) |
| 2:34 | Create | Villager (Male) |
| 2:35 | Create | Villager (Male) |
| 2:52 | Create | Villager (Male) |
| 2:52 | Create | Villager (Male) |
| 3:17 | Create | Villager (Male) |
| 3:17 | Create | Villager (Male) |
| 3:36 | Build | Mill |
| 3:41 | Create | Villager (Male) |
| 3:42 | Create | Villager (Male) |
| 4:22 | Create | Villager (Male) |
| 4:23 | Create | Villager (Male) |
| 4:50 | Create | Villager (Male) |
| 5:01 | Create | Villager (Male) |
| 5:16 | Create | Villager (Male) |
| 6:09 | Create | Villager (Male) |
| 6:38 | Research | Feudal Age |
| 6:38 | Research | Feudal Age |
| 7:11 | Build | House |
| 7:32 | Build | Barracks |
| 8:46 | Research | Loom |
| 8:51 | Age | Feudal Age |
| 8:55 | Build | Stable |
| 8:58 | Research | Double-Bit Axe |
| 9:08 | Create | Villager (Male) |
| 9:42 | Create | Villager (Male) |
| 9:52 | Build | House |
| 9:53 | Create | Scout Cavalry |
| 9:53 | Create | Scout Cavalry |
| 10:01 | Build | Watch Tower |
| 10:03 | Build | Stone Wall |
| 10:06 | Create | Villager (Male) |
| 10:09 | Build | House |
| 10:13 | Build | Palisade Wall |
| 10:25 | Create | Villager (Male) |
| 10:29 | Build | Farm |
| 10:31 | Build | Farm |
| 10:37 | Build | Farm |
| 10:41 | Build | Farm |
| 10:48 | Create | Villager (Male) |
| 10:59 | Build | Palisade Wall |
| 11:00 | Build | Palisade Wall |
| 11:06 | Build | Farm |
| 11:07 | Build | Farm |
| 11:09 | Create | Villager (Male) |
| 11:24 | Create | Scout Cavalry |
| 11:40 | Build | House |
| 11:40 | Create | Villager (Male) |
| 11:53 | Build | Mining Camp |
| 12:06 | Build | Watch Tower |
| 12:09 | Create | Scout Cavalry |
| 12:27 | Create | Villager (Male) |
| 12:33 | Research | Horse Collar |
| 12:50 | Create | Villager (Male) |
| 12:50 | Create | Villager (Male) |
| 13:03 | Build | Palisade Wall |
| 13:04 | Build | Palisade Wall |
| 13:06 | Create | Scout Cavalry |
| 13:20 | Create | Villager (Male) |
| 13:23 | Build | House |
| 13:28 | Build | Outpost |
| 13:31 | Create | Villager (Male) |
| 13:35 | Build | Stone Wall |
| 13:36 | Build | Stone Wall |
| 13:48 | Create | Scout Cavalry |
| 13:52 | Build | Stone Wall |
| 14:00 | Build | Stone Wall |
| 14:10 | Create | Scout Cavalry |
| 14:33 | Create | Villager (Male) |
| 14:38 | Build | Mill |
| 14:48 | Create | Scout Cavalry |
| 14:49 | Create | Villager (Male) |
| 14:49 | Create | Villager (Male) |
| 15:32 | Create | Villager (Male) |
| 15:39 | Create | Villager (Male) |
| 15:41 | Build | Farm |
| 15:42 | Build | Farm |
| 15:42 | Build | Farm |
| 15:55 | Create | Villager (Male) |
| 15:58 | Build | Blacksmith |
| 16:03 | Build | Farm |
| 16:13 | Create | Scout Cavalry |
| 16:21 | Build | House |
| 16:25 | Build | Stone Wall |
| 16:27 | Build | Stone Wall |
| 16:35 | Create | Villager (Male) |
| 16:44 | Build | Watch Tower |
| 16:51 | Build | Watch Tower |
| 16:54 | Create | Villager (Male) |
| 16:56 | Build | Farm |
| 17:04 | Create | Scout Cavalry |
| 17:09 | Build | House |
| 17:11 | Build | House |
| 17:16 | Create | Villager (Male) |
| 17:42 | Create | Villager (Male) |
| 17:56 | Build | Palisade Wall |
| 17:57 | Build | Palisade Wall |
| 18:00 | Create | Villager (Male) |
| 18:02 | Build | Mining Camp |
| 18:05 | Research | Fletching |
| 18:14 | Build | Stone Wall |
| 18:16 | Build | Stone Wall |
| 18:18 | Build | Palisade Wall |
| 18:20 | Build | Palisade Wall |
| 18:21 | Build | Stone Wall |
| 18:22 | Build | Stone Wall |
| 18:24 | Build | Stone Wall |
| 18:26 | Build | Stone Wall |
| 18:35 | Create | Villager (Male) |
| 18:50 | Create | Villager (Male) |
| 19:10 | Build | Market |
| 19:17 | Build | Palisade Wall |
| 19:19 | Create | Scout Cavalry |
| 19:29 | Build | Watch Tower |
| 19:37 | Create | Villager (Male) |
| 19:41 | Build | Watch Tower |
| 19:49 | Build | Farm |
| 20:07 | Build | Watch Tower |
| 20:10 | Create | Villager (Male) |
| 20:37 | Create | Villager (Male) |
| 21:28 | Research | Castle Age |
| 21:28 | Research | Castle Age |
| 21:50 | Build | Stone Wall |
| 21:54 | Build | Watch Tower |
| 21:56 | Build | Farm |
| 21:58 | Build | Lumber Camp |
| 22:07 | Build | Stone Wall |
| 22:11 | Create | Scout Cavalry |
| 22:11 | Create | Scout Cavalry |
| 22:15 | Build | Stone Wall |
| 22:30 | Build | Farm |
| 22:31 | Build | Farm |
| 22:31 | Build | Farm |
| 22:40 | Build | Watch Tower |
| 22:49 | Create | Scout Cavalry |
| 22:53 | Build | Palisade Wall |
| 22:54 | Build | Palisade Wall |
| 22:54 | Build | Palisade Wall |
Build order — RedPhosphoru
102 actions detected in the replay
| 0:00 | Create | Villager (Male) |
| 0:01 | Create | Villager (Male) |
| 0:02 | Build | House |
| 0:04 | Build | House |
| 0:08 | Create | Villager (Male) |
| 0:12 | Create | Villager (Male) |
| 1:10 | Create | Villager (Male) |
| 1:44 | Create | Villager (Male) |
| 2:05 | Create | Villager (Male) |
| 2:26 | Build | Settlement |
| 2:42 | Create | Villager (Male) |
| 2:54 | Create | Villager (Male) |
| 3:24 | Create | Villager (Male) |
| 3:27 | Create | Villager (Male) |
| 3:42 | Create | Villager (Male) |
| 3:58 | Create | Villager (Male) |
| 4:37 | Create | Villager (Male) |
| 4:57 | Create | Villager (Male) |
| 5:16 | Create | Villager (Male) |
| 5:31 | Create | Villager (Male) |
| 5:41 | Build | House |
| 5:49 | Create | Villager (Male) |
| 5:59 | Build | Palisade Wall |
| 6:04 | Build | Palisade Wall |
| 6:04 | Build | Palisade Wall |
| 6:04 | Build | Palisade Wall |
| 6:05 | Build | Palisade Wall |
| 6:07 | Build | Palisade Wall |
| 6:08 | Build | Palisade Wall |
| 6:11 | Create | Villager (Male) |
| 6:19 | Create | Villager (Male) |
| 6:23 | Build | Settlement |
| 6:27 | Create | Villager (Male) |
| 6:56 | Create | Villager (Male) |
| 6:59 | Build | Palisade Wall |
| 6:59 | Build | Palisade Wall |
| 7:05 | Build | Palisade Wall |
| 7:10 | Create | Villager (Male) |
| 7:39 | Research | Loom |
| 7:57 | Build | Palisade Wall |
| 7:58 | Research | Feudal Age |
| 8:30 | Build | Palisade Wall |
| 9:30 | Build | Palisade Wall |
| 10:17 | Create | Villager (Male) |
| 10:31 | Age | Feudal Age |
| 10:39 | Build | Market |
| 10:48 | Create | Villager (Male) |
| 11:01 | Build | Blacksmith |
| 11:05 | Create | Villager (Male) |
| 11:46 | Research | Castle Age |
| 11:47 | Research | Castle Age |
| 12:05 | Build | Palisade Wall |
| 12:06 | Build | Palisade Wall |
| 12:07 | Build | Palisade Wall |
| 12:38 | Build | Palisade Wall |
| 12:39 | Build | Palisade Wall |
| 12:40 | Build | Palisade Wall |
| 13:20 | Build | House |
| 13:23 | Build | Palisade Gate |
| 13:25 | Build | Palisade Wall |
| 13:27 | Create | Villager (Male) |
| 14:03 | Create | Villager (Male) |
| 14:05 | Create | Villager (Male) |
| 14:09 | Create | Villager (Male) |
| 14:22 | Build | Settlement |
| 14:26 | Create | Villager (Male) |
| 14:26 | Age | Castle Age |
| 15:02 | Build | Castle |
| 15:16 | Create | Villager (Male) |
| 15:43 | Create | Villager (Male) |
| 16:05 | Create | Unit 2562 |
| 16:13 | Create | Unit 2562 |
| 16:23 | Build | Farm |
| 16:29 | Build | Settlement |
| 16:51 | Create | Villager (Male) |
| 16:51 | Create | Villager (Male) |
| 17:01 | Create | Unit 2562 |
| 17:29 | Build | Palisade Wall |
| 17:31 | Create | Unit 2562 |
| 17:51 | Research | Fletching |
| 18:01 | Create | Unit 2562 |
| 18:29 | Create | Unit 2562 |
| 18:31 | Create | Unit 2562 |
| 18:54 | Create | Unit 2562 |
| 19:10 | Build | Settlement |
| 19:42 | Create | Petard |
| 19:59 | Create | Unit 2562 |
| 20:00 | Create | Villager (Male) |
| 20:07 | Create | Unit 2562 |
| 20:35 | Create | Unit 2562 |
| 20:35 | Create | Unit 2562 |
| 21:58 | Create | Villager (Male) |
| 22:28 | Create | Villager (Male) |
| 22:30 | Create | Unit 2562 |
| 22:44 | Create | Unit 2562 |
| 22:44 | Create | Unit 2562 |
| 23:01 | Create | Petard |
| 23:01 | Create | Petard |
| 23:07 | Create | Unit 2562 |
| 23:35 | Create | Villager (Male) |
| 23:45 | Build | Settlement |
| 23:48 | Build | Settlement |
Match timeline
| 5:59 | RedPhosphoru · wall_segment Palisade Wall x7 |
| 6:04 | RedPhosphoru · wall_segment Palisade Wall x1 |
| 6:04 | RedPhosphoru · wall_segment Palisade Wall x1 |
| 6:04 | RedPhosphoru · wall_segment Palisade Wall x1 |
| 6:05 | RedPhosphoru · wall_segment Palisade Wall x1 |
| 6:07 | RedPhosphoru · wall_segment Palisade Wall x2 |
| 6:08 | RedPhosphoru · wall_segment Palisade Wall x1 |
| 6:59 | RedPhosphoru · wall_segment Palisade Wall x1 |
| 6:59 | RedPhosphoru · wall_segment Palisade Wall x1 |
| 7:05 | RedPhosphoru · wall_segment Palisade Wall x1 |
| 7:32 | Biry · first_building Barracks |
| 7:57 | RedPhosphoru · wall_segment Palisade Wall x3 |
| 8:30 | RedPhosphoru · wall_segment Palisade Wall x6 |
| 8:51 | Biry · age_up feudal |
| 8:55 | Biry · first_building Stable |
| 9:30 | RedPhosphoru · wall_segment Palisade Wall x1 |
| 10:03 | Biry · wall_segment Stone Wall x1 |
| 10:13 | Biry · wall_segment Palisade Wall x1 |
| 10:31 | RedPhosphoru · age_up feudal |
| 10:59 | Biry · wall_segment Palisade Wall x1 |
| 11:00 | Biry · wall_segment Palisade Wall x1 |
| 11:46 | RedPhosphoru · first_market_sell 100 stone |
| 12:05 | RedPhosphoru · wall_segment Palisade Wall x1 |
| 12:06 | RedPhosphoru · wall_segment Palisade Wall x1 |
| 12:07 | RedPhosphoru · wall_segment Palisade Wall x1 |
| 12:38 | RedPhosphoru · wall_segment Palisade Wall x1 |
| 12:39 | RedPhosphoru · wall_segment Palisade Wall x1 |
| 12:40 | RedPhosphoru · wall_segment Palisade Wall x1 |
| 13:03 | Biry · wall_segment Palisade Wall x1 |
| 13:04 | Biry · wall_segment Palisade Wall x1 |
| 13:25 | RedPhosphoru · wall_segment Palisade Wall x1 |
| 13:35 | Biry · wall_segment Stone Wall x2 |
| 13:36 | Biry · wall_segment Stone Wall x5 |
| 13:52 | Biry · wall_segment Stone Wall x14 |
| 14:00 | Biry · wall_segment Stone Wall x1 |
| 14:26 | RedPhosphoru · age_up castle |
| 14:43 | RedPhosphoru · first_market_buy 100 stone |
| 15:02 | RedPhosphoru · first_building Castle |
| 16:25 | Biry · wall_segment Stone Wall x5 |
| 16:27 | Biry · wall_segment Stone Wall x8 |
| 17:29 | RedPhosphoru · wall_segment Palisade Wall x5 |
| 17:56 | Biry · wall_segment Palisade Wall x1 |
| 17:57 | Biry · wall_segment Palisade Wall x1 |
| 18:14 | Biry · wall_segment Stone Wall x2 |
| 18:16 | Biry · wall_segment Stone Wall x2 |
| 18:18 | Biry · wall_segment Palisade Wall x1 |
| 18:20 | Biry · wall_segment Palisade Wall x1 |
| 18:21 | Biry · wall_segment Stone Wall x2 |
| 18:22 | Biry · wall_segment Stone Wall x3 |
| 18:24 | Biry · wall_segment Stone Wall x1 |
| 18:26 | Biry · wall_segment Stone Wall x1 |
| 19:17 | Biry · wall_segment Palisade Wall x1 |
| 19:53 | Biry · first_market_buy 100 food |
| 21:50 | Biry · wall_segment Stone Wall x3 |
| 22:07 | Biry · wall_segment Stone Wall x3 |
| 22:15 | Biry · wall_segment Stone Wall x1 |
| 22:53 | Biry · wall_segment Palisade Wall x1 |
| 22:54 | Biry · wall_segment Palisade Wall x1 |
| 22:54 | Biry · wall_segment Palisade Wall x1 |
| 22:55 | Biry · wall_segment Palisade Wall x1 |
| 23:49 | Biry · wall_segment Stone Wall x1 |
| 23:52 | Biry · wall_segment Stone Wall x5 |
| 24:08 | Biry · age_up castle |
| 24:12 | Biry · first_building Siege Workshop |
| 24:27 | RedPhosphoru · resign |
[ AI ANALYSIS · 1 CREDIT ]
What really happened in this match?
Wolo.gg analyzes every decision: build order, eco, micro, common mistakes by bracket. Personalized analysis on WhatsApp or Discord in 30 seconds.
Civ guide
Poles
Perfil
Biry (Biry)